 Dungeon Crawl Stone Soup version 0.18.1-5-g4a78601 (webtiles) character file.

52 incide the Skirmisher (level 3, -4/35 HPs)
             Began as a Minotaur Wanderer on May 13, 2016.
             Slain by a goblin
             ... wielding a +0 dagger
             ... led by Robin
              (6 damage)
             ... on level 2 of the Dungeon.
             The game lasted 00:02:26 (1047 turns).

incide the Skirmisher (Minotaur Wanderer)           Turns: 1047, Time: 00:02:28

Health: -4/35      AC:  2    Str: 17    XL:     3   Next: 60%
Magic:  3/3        EV: 11    Int:  8    God:
Gold:   38         SH:  0    Dex: 10    Spells: 1 memorised, 2 levels left

rFire  . . .     SeeInvis +     b - +0 hand axe
rCold  . . .     Gourm    .     d - +0 robe
rNeg   . . .     Faith    .     (no shield)
rPois  .         Spirit   .     (helmet restricted)
rElec  .         Dismiss  .     (no cloak)
rCorr  .         Reflect  .     (no gloves)
SustAt .         Harm     .     (no boots)
MR     .....                    (no amulet)
Stlth  +.........               (no ring)
                                i - ring of see invisible

@: flying, not resistant to hostile enchantments, very unstealthy
A: retaliatory headbutt, horns 2
a: no special abilities


You were on level 2 of the Dungeon.
You were not hungry.

You visited 1 branch of the dungeon, and saw 2 of its levels.

You collected 38 gold pieces.

Inventory:

Hand Weapons
 b - a +0 hand axe (weapon)
 c - a +0 mace
Armour
 d - a +0 robe (worn)
Jewellery
 i - a ring of see invisible (left hand)
 j - an uncursed ring of fire
 o - an uncursed ring of magical power {unknown}
Scrolls
 e - 2 scrolls of noise {unknown}
 k - 2 scrolls of teleportation {unknown}
 l - a scroll of fog {unknown}
 m - a scroll of identify {unknown}
Potions
 g - 2 potions of flight
Books
 a - a book of Spatial Translocations

   Spells                             Type                      Level
   a - Apportation                    Translocation                1
   b - Blink                          Translocation                2
   c - Shroud of Golubria             Charms/Translocation         2
   d - Portal Projectile              Translocation                3
   e - Teleport Other                 Translocation                3
   f - Passage of Golubria            Translocation                4
Comestibles
 f - a bread ration
 h - a meat ration


   Skills:
 + Level 4.8 Fighting
 - Level 2.4 Maces & Flails
 - Level 1.0 Throwing
 - Level 1.2 Armour
 - Level 1.0 Spellcasting
 - Level 1.0 Translocations
   Level 1.0 Air Magic
   Level 1.0 Evocations


You had 2 spell levels left.
You knew the following spells:

 Your Spells              Type           Power        Failure   Level  Hunger
a - Blink                 Tloc           N/A          43%         2    ###....


Dungeon Overview and Level Annotations

Branches:
Dungeon (2/15)

Altars:
Ashenzari

Annotations:
D:2 Robin


Innate Abilities, Weirdness & Mutations

You reflexively headbutt those who attack you in melee.
You have a pair of horns on your head.


Message History

It was a potion of flight.
You feel very buoyant.
You fly up into the air.
The goblin hits you with a club.
* * * LOW HITPOINT WARNING * * *
Robin throws the goblin at you! The goblin barely misses you.
The goblin hits you but does no damage. x2
You hit the goblin.
The goblin is heavily wounded.
You closely miss the goblin. You hit the goblin.
The goblin is heavily wounded.
You hit the goblin.
You kill the goblin!
You hit the goblin.
The goblin is severely wounded.
You barely miss the goblin. The goblin hits you but does no damage.
The goblin misses you.
Robin hits you from afar with a trident.
* * * LOW HITPOINT WARNING * * *
The goblin hits you with a dagger.
You die...

...# #...# .... ....# #
..... ##....#. ......
.......
.......########....###
...........##....g....#
..# #...#.....gg.....##
.#####.....##...@gg.....
.....#####.....)gg......
..................g...<.
#....########...........
..#..# #...........
..#..# #...........
..#..# #...........
###..# ########....
.....#


You could see Robin and 7 goblins.

Vanquished Creatures
  An adder (D:2)
  An ooze (D:2)
  A worm (D:2)
  A giant gecko (D:2)
  2 giant cockroaches (D:1)
  3 hobgoblins (D:1)
  A quokka (D:2)
  6 bats
  3 giant newts
  6 goblins
  5 kobolds
  4 rats
34 creatures vanquished.

Notes
Turn   | Place    | Note
--------------------------------------------------------------
     0 | D:1      | incide the Minotaur Wanderer began the quest for the Orb.
     0 | D:1      | incide set off with: a book of Spatial Translocations, a +0 hand axe, a +0 mace, a +0 robe, a bread ration
     0 | D:1      | Reached XP level 1. HP: 18/18 MP: 1/1
    31 | D:1      | Reached skill level 3 in Fighting
   227 | D:1      | Reached XP level 2. HP: 26/26 MP: 2/2
   231 | D:1      | Learned a level 2 spell: Blink
   397 | D:1      | You fall through a shaft!
   407 | D:2      | Reached skill level 4 in Fighting
   655 | D:2      | Reached XP level 3. HP: 32/33 MP: 3/3
   656 | D:2      | Found a shattered altar of Ashenzari.
   680 | D:2      | HP: 2/34 [worm (10)]
   709 | D:2      | HP: 3/34 [kobold (3)]
   710 | D:2      | HP: 1/34 [kobold (2)]
  1041 | D:2      | Noticed Robin
  1047 | D:2      | HP: 2/35 [Robin/trident (6)]
  1047 | D:2      | Slain by a goblin

Skill      XL: |  1  2 |
---------------+-------+-----
Fighting       | 3 4 |  4.8
Maces & Flails | |  2.4
Throwing       | |  1.0
Armour         | |  1.2
Spellcasting   | |  1.0
Translocations | |  1.0
Air Magic      | |  1.0
Evocations     | |  1.0

Action                   || total
-------------------------++-------
Melee: Hand axe          ||    67
       Headbutt          ||    11
  Use: Potion            ||     1
Armor: Robe              ||    15
Dodge: Dodged            ||    65
